 Dungeon Crawl Stone Soup version 0.20-a0-1050-g57248f3 (webtiles) character file.

757 lordofpotatos the Skirmisher (level 7, -14/56 HPs)
             Began as a Demonspawn Gladiator on Apr 25, 2017.
             Was a Follower of Okawaru.
             Demolished by a two-headed ogre
             ... wielding a +0 giant club
              (18 damage)
             ... on level 6 of the Dungeon.
             The game lasted 00:16:05 (2957 turns).

lordofpotatos the Skirmisher (Demonspawn Gladiator) Turns: 2957, Time: 00:16:06

Health: -14/56     AC:  9    Str: 16    XL:     7   Next: 50%
Magic:  7/7        EV: 13    Int:  9    God:    Okawaru [*.....]
Gold:   175        SH:  0    Dex: 15    Spells: 6/6 levels left

rFire    . . .     SeeInvis .   a - +0 long sword
rCold    . . .     Gourm    .   (no shield)
rNeg     . . .     Faith    .   g - +0 ring mail
rPois    .         Spirit   .   i - +0 helmet
rElec    .         Reflect  .   l - +0 cloak
rCorr    .         Harm     .   (no gloves)
MR       +....                  (no boots)
Stlth    +.........             (no amulet)
Regen    0.2/turn               h - ring of protection from magic
MPRegen  0.1/turn               m - ring of flight

@: very slightly contaminated, invisible
A: claws 2, iridescent scales 1, spiny 1
a: Heroism, Renounce Religion, Evoke Flight


You were on level 6 of the Dungeon.
You worshipped Okawaru.
Okawaru was aware of your devotion.
You were full.

You visited 1 branch of the dungeon, and saw 6 of its levels.

You collected 175 gold pieces.

Inventory:

Hand Weapons
 a - a +0 long sword (weapon)
Armour
 g - a +0 ring mail (worn)
 i - a +0 helmet (worn)
 l - a +0 cloak (worn)
Jewellery
 h - a ring of protection from magic (left claw)
 m - a ring of flight (right claw)
Scrolls
 b - 3 scrolls of fog {unknown}
 d - a scroll of magic mapping {unknown}
 e - 5 scrolls of identify {unknown}
 o - a scroll of blinking {unknown}
Potions
 n - a potion of resistance {unknown}
 p - a potion of haste {unknown}
Comestibles
 j - a bread ration


   Skills:
 + Level 5.2 Fighting
 + Level 5.1 Long Blades
 - Level 1.7 Throwing
 + Level 5.1 Dodging


You had 6 spell levels left.
You didn't know any spells.

Dungeon Overview and Level Annotations

Branches:
Dungeon (6/15)
 Temple: D:4-7

Altars:
Dithmenos
Okawaru
Qazlal


Innate Abilities, Weirdness & Mutations

You have very sharp fingernails.
You are partially covered in iridescent scales. (AC +2)
You are partially covered in sharp spines.


Message History

The two-headed ogre is moderately wounded.
The two-headed ogre hits you with a giant club!!
The two-headed ogre barely misses you.
You feel much better.
The two-headed ogre hits you with a giant club!
The two-headed ogre closely misses you.
You fade into invisibility!
The two-headed ogre closely misses you. x2
You are very lightly contaminated with residual magic.
Your ring mail prevents you from hitting the two-headed ogre.
The two-headed ogre is lightly wounded.
You strike the helpless two-headed ogre from behind!
You hit the two-headed ogre but do no damage.
The two-headed ogre is lightly wounded.
The two-headed ogre is struck by your spines.
The two-headed ogre hits you with a giant club!!
* * * LOW HITPOINT WARNING * * *
The two-headed ogre closely misses you.
The two-headed ogre hits you with a giant club!!
You die...

# .# #
#### .#.#
#@.#...
##O#.####.
#.........
##<#.#####
#...#
#.### #..
###


You could see a two-headed ogre.

Vanquished Creatures
  Eustachio (D:5)
  A phantom (D:5)
  2 ogres (D:5)
  A scorpion (D:4)
  A howler monkey (D:4)
  A crimson imp (D:5)
  A hound (D:5)
  An orc wizard (D:3)
  Jessica (D:3)
  2 worker ants
  3 adders
  An ooze (D:4)
  2 dart slugs (D:3)
  3 leopard geckos
  14 orcs
  A ball python (D:1)
  A giant cockroach (D:2)
  2 goblins
  4 hobgoblins
  9 jackals
  2 kobolds
  6 bats
  7 frilled lizards
  A quokka skeleton (D:5)
  7 rats
75 creatures vanquished.

Notes
Turn   | Place    | Note
-------+----------+-------------------------------------------
     0 | D:1      | lordofpotatos the Demonspawn Gladiator began the quest for the Orb.
     0 | D:1      | Reached XP level 1. HP: 16/16 MP: 1/1
   261 | D:2      | Gained mutation: You have sharp fingernails. [demonic ancestry]
   261 | D:2      | Reached XP level 2. HP: 18/22 MP: 2/2
   632 | D:2      | Gained mutation: You are partially covered in iridescent scales. (AC +2) [demonic ancestry]
   632 | D:2      | Reached XP level 3. HP: 24/28 MP: 3/3
   769 | D:2      | Found a shadowy altar of Dithmenos.
   820 | D:3      | Noticed Jessica
   828 | D:3      | Killed Jessica
   834 | D:3      | Gained mutation: You have very sharp fingernails. [demonic ancestry]
   834 | D:3      | Reached XP level 4. HP: 32/34 MP: 4/4
   963 | D:3      | Found an iron altar of Okawaru.
  1016 | D:3      | Became a worshipper of Warmaster Okawaru
  1398 | D:3      | Reached XP level 5. HP: 20/41 MP: 5/5
  2163 | D:5      | Entered Level 5 of the Dungeon
  2173 | D:5      | Gained mutation: You are partially covered in sharp spines. [demonic ancestry]
  2173 | D:5      | Reached XP level 6. HP: 47/48 MP: 6/6
  2425 | D:5      | Found a stormy altar of Qazlal.
  2427 | D:5      | Noticed Eustachio
  2456 | D:5      | Killed Eustachio
  2456 | D:5      | Reached XP level 7. HP: 24/55 MP: 7/7
  2483 | D:5      | Noticed a fire elemental
  2484 | D:5      | Noticed an air elemental
  2484 | D:5      | Noticed a water elemental
  2502 | D:5      | Reached * piety under Okawaru
  2502 | D:5      | Reached skill level 5 in Fighting
  2502 | D:5      | Reached skill level 5 in Long Blades
  2792 | D:5      | Reached skill level 5 in Dodging
  2945 | D:6      | Noticed a two-headed ogre
  2957 | D:6      | Demolished by a two-headed ogre

Vault maps used:
D:1:      mrwooster_arrival_statue_2, minivault_11
D:2:      nicolae_overflow_hidden_temple, lemuel_coloured_pillars_altar,
          minmay_shallow_snake_nest
D:3:      okawaru_gym_becter, uniq_jessica
D:4:      lightli_temple_of_fire, first_bread, hangedman_decor_lopped,
          corexii_leaking_fountain
D:5:      nicolae_qazlal_style_of_elements, uniq_eustachio
D:6:      led_sif_pool, kennysheep_mini

Skill      XL: |  1  2  3  4  5  6  7 |
---------------+----------------------+-----
Long Blades    | 3 4 5 |  5.1
Dodging        | 3 4 5 |  5.1
Fighting       | 3 4 5 |  5.2
Throwing       | |  1.7

Action                   |  1- 3 |  4- 6 |  7- 9 || total
-------------------------+-------+-------+-------++-------
Melee: Long sword        |    59 |   135 |    27 ||   221
  Use: Potion            |       |     1 |     4 ||     5
 Stab: Sleeping          |     1 |       |       ||     1
       Invisible         |       |       |     1 ||     1
  Eat: Bread ration      |     1 |       |       ||     1
       Royal jelly       |     1 |       |       ||     1
       Meat ration       |       |     1 |       ||     1
Armor: Leather armour    |    12 |       |       ||    12
       Ring mail         |     8 |   100 |     6 ||   114
       Skin              |       |     2 |       ||     2
Dodge: Dodged            |    50 |   178 |    13 ||   241
       Rpst.: Long sword |    15 |    62 |     1 ||    78
